 Dungeon Crawl Stone Soup version 0.28.0 (console) character file.

Game seed: 1715535417077967544

13 isthmus the Chopper (level 2, -1/26 HPs)
             Began as a Hill Orc Cinder Acolyte on Feb 11, 2022.
             Was a High Priest of Ignis.
             Succumbed to a kobold's poison
             ... on level 1 of the Dungeon.
             The game lasted 00:02:17 (492 turns).

isthmus the Chopper (Hill Orc Cinder Acolyte)        Turns: 492, Time: 00:02:18

Health: -1/26      AC:  6    Str: 16    XL:     2   Next: 37%
Magic:  3/3        EV:  9    Int: 14    God:    Ignis [*****.]
Gold:   8          SH:  0    Dex:  6    Spells: 1/3 levels left

rFire   + + .      SeeInvis .   a - -1 hand axe (flame)
rCold   + . .      Faith    .   (no shield)
rNeg    . . .      Spirit   .   d - +0 scale mail
rPois   +          Reflect  .   (no helmet)
rElec   +          Harm     .   (no cloak)
rCorr   +          Rampage  .   (no gloves)
Will    .....                   (no boots)
Stlth   ..........              (no amulet)
HPRegen 0.08/turn               (no ring)
MPRegen 0.08/turn               (no ring)

@: lethally poisoned (-1 -> -16), resistant, flying
A: no striking features
a: Renounce Religion, Fiery Armour, Foxfire Swarm, Rising Flame


You were on level 1 of the Dungeon.
You worshipped Ignis.
Ignis was extremely pleased with you.
You visited 1 branch of the dungeon, and saw 1 of its levels.

You collected 8 gold pieces.

Inventory:

Hand Weapons
 a - a -1 hand axe of flaming (weapon)
Missiles
 f - 17 stones (quivered)
Armour
 b - a +0 robe
 d - a +0 scale mail (worn)
Scrolls
 c - a scroll of identify {unknown}


   Skills:
 - Level 3.6 Fighting
 * Level 4.5 Axes
 * Level 1.0 Armour
 + Level 1.0 Spellcasting
 + Level 3.4 Fire Magic


You had one spell level left.
You knew the following spells:

 Your Spells              Type           Power      Damage    Failure   Level
a - Scorch                Fire           20%        2d6       34%         2

Your spell library contained the following spells:

 Spells                   Type           Power      Damage    Failure   Level


Dungeon Overview and Level Annotations

Branches:
Dungeon (1/15)

Altars:


Message History

The dart slug bites you but does no damage.
You hit the dart slug but do no damage.
The dart slug is heavily wounded.
You hit the dart slug but do no damage.
The dart slug is heavily wounded.
The dart slug launches a dart at you. The slug dart hits you.
You hit the dart slug. You burn the dart slug.
You kill the dart slug!
Your Armour skill increases to level 1!
You see here a dart slug corpse.
You start resting.
A kobold is nearby!
A kobold comes into view. It is wielding a +0 short sword.
The kobold shouts!
The kobold throws a stone.
The stone hits you but does no damage.
The kobold moves out of view.
The kobold hits you but does no damage.
You are poisoned.
You barely miss the kobold.
You feel sick. The kobold hits you but does no damage.
You barely miss the kobold.
You feel sick.
The kobold hits you with a +1 short sword of venom.
* * * LOW HITPOINT WARNING * * *
You are lethally poisoned!
You closely miss the kobold. You miss the kobold.
* * * LOW HITPOINT WARNING * * *
You feel very sick. The kobold barely misses you.
The kobold closely misses you.
Unknown command.
It was a potion of resistance.
You feel protected.
* * * LOW HITPOINT WARNING * * *
You feel very sick. The kobold hits you but does no damage.
The kobold hits you with a +1 short sword of venom.
* * * LOW HITPOINT WARNING * * *
It was a potion of flight.
You feel very buoyant.
You fly up into the air.
You die...

...# #.............# .. ...#
###.............#....... ...##
..#.............#....... ....#
#.#.............#....... ....#
#.#................?.... ....#
#.#..†.###..g...........
....######.#....###..............
................†.#.......$......
....######.#..†.#.#......$.......
....# #.#....#K#..............
...(# #......@K...............
###.########....##........##.####
#.......†....................
##############+###..##..........
#...###... #(.........b.....
#.<.....⌠. #..#.#.........w.
#...###... #..#.# .... ##.##
##### #####.....
#...###...###...#
#.⌠.....⌠.....⌠.#
#...###...###...#


You could see 2 kobolds.

Vanquished Creatures
  A dart slug (D:1)
  An endoplasm (D:1)
  A giant cockroach (D:1)
  2 hobgoblins (D:1)
  3 bats (D:1)
  3 frilled lizards (D:1)
11 creatures vanquished.

Notes
Turn   | Place    | Note
-------+----------+-------------------------------------------
     0 | D:1      | isthmus the Hill Orc Cinder Acolyte began the quest for the
                  | Orb.
     0 | D:1      | Reached XP level 1. HP: 19/19 MP: 2/2
   437 | D:1      | Reached XP level 2. HP: 26/26 MP: 3/3
   440 | D:1      | Learned a level 2 spell: Scorch
   483 | D:1      | Reached skill level 1 in Armour
   491 | D:1      | HP: 1/26 [kobold (3)]
   492 | D:1      | Succumbed to a kobold's poison

Illustrated notes

Levels and vault maps discovered:
D:1:      minmay_arrival_nine_rooms, layout_basic, chequers_serial_rivers_room_b

Skill      XL: |  1  2 |
---------------+-------+-----
Armour         | 1 |  1.0
Fighting       | |  3.6
Axes           | |  4.5
Spellcasting   | |  1.0
Fire Magic     | |  3.4

Action                   || total
-------------------------++-------
Melee: Hand axe          ||    33
       Punch             ||     1
Invok: Fiery Armour      ||     1
  Use: Potion            ||     2
Armor: Scale mail        ||    16
Dodge: Dodged            ||    19
